 Dungeon Crawl Stone Soup version 0.22-a0-422-g9628fc8 (webtiles) character file.

780 Deeps the Skirmisher (level 7, -1/41 HPs)
             Began as a Gargoyle Monk on May 17, 2018.
             Was a Believer of Okawaru.
             Slain by an ice beast (14 damage)
             ... on level 5 of the Dungeon.
             The game lasted 00:06:30 (3893 turns).

Deeps the Skirmisher (Gargoyle Monk)                Turns: 3893, Time: 00:06:31

Health: -1/41      AC: 15    Str: 16    XL:     7   Next: 85%
Magic:  7/7        EV:  7    Int: 11    God:    Okawaru [**....]
Gold:   229        SH:  0    Dex: 12    Spells: 6/6 levels left

rFire    + + .     SeeInvis .   a - +0 hand axe (flame)
rCold    . . .     Gourm    .   (no shield)
rNeg     + . .     Faith    .   x - +0 chain mail
rPois    ∞         Spirit   .   (no helmet)
rElec    +         Reflect  .   (no cloak)
rCorr    .         Harm     .   (no gloves)
MR       .....                  t - +0 pair of boots
Stlth    ..........             (no amulet)
HPRegen  0.13/turn              o - ring of stealth {Stlth+}
MPRegen  0.10/turn              (no ring)

@: no status effects
A: fire resistance 2, frail 1, negative energy resistance 1, electricity
resistance, unbreathing, petrification resistance, rot immunity, MP-powered
wands, AC +4
a: Heroism, Renounce Religion


You were on level 5 of the Dungeon.
You worshipped Okawaru.
Okawaru was pleased with you.
You were not hungry.

You visited 2 branches of the dungeon, and saw 6 of its levels.

You collected 229 gold pieces.

Inventory:

Hand Weapons
 a - a +0 hand axe of flaming (weapon)
   (You found it on level 2 of the Dungeon)
 q - a +2 hunting sling of flaming
   (You took it off a goblin on level 3 of the Dungeon)
 v - a +0 whip of venom
   (You took it off an orc on level 3 of the Dungeon)
 y - a +0 falchion of holy wrath
   (You took it off an orc on level 4 of the Dungeon)
Missiles
 m - 7 curare-tipped needles
Armour
 t - a +0 pair of boots (worn)
   (You found it on level 2 of the Dungeon)
 x - a +0 chain mail (worn)
   (You took it off a goblin on level 3 of the Dungeon)
Jewellery
 o - a ring of stealth (left hand) {Stlth+}
   (You found it on level 2 of the Dungeon)
Wands
 n - a wand of flame (33)
   (You found it on level 4 of the Dungeon)
 u - a wand of iceblast (11)
   (You found it on level 3 of the Dungeon)
 A - a wand of acid (10)
   (You took it off an orc on level 4 of the Dungeon)
Scrolls
 d - 8 scrolls of magic mapping {unknown}
 e - 3 scrolls of enchant weapon {unknown}
 f - 2 scrolls of blinking {unknown}
 h - 5 scrolls of teleportation {unknown}
 j - a scroll of fear {unknown}
 k - a scroll of immolation {unknown}
 l - 7 scrolls of identify {unknown}
 r - a scroll of amnesia {unknown}
 s - a scroll of remove curse {unknown}
Potions
 b - 3 potions of heal wounds {unknown}
 g - 2 potions of mutation {!q}
 i - 7 potions of degeneration {unknown}
 p - a potion of lignification {unknown}
 w - a potion of magic {unknown}
 B - a potion of brilliance {unknown}
Comestibles
 c - 7 rations {@e1}


   Skills:
 + Level 6.2 Fighting
 + Level 5.2 Axes
 + Level 5.1 Armour
 - Level 2.4 Dodging
 - Level 2.1 Stealth


You had 6 spell levels left.
You didn't know any spells.
Your spell library was empty.

Dungeon Overview and Level Annotations

Branches:
Dungeon (5/15)             Temple (1/1) D:5

Altars:
Ashenzari
Elyvilon
Fedhas
Hepliaklqana
Kikubaaqudgha
Makhleb
Nemelex Xobeh
Okawaru
Qazlal
Uskayaw
Vehumet
Wu Jian
Xom
Yredelemnul
Zin


Innate Abilities, Weirdness & Mutations

You are resistant to torment.
Your stone body is resilient. (AC +4)
You are immune to poison.
You resist negative energy. (rN+)
You are resistant to electric shocks. (rElec)
You can survive without breathing.
You are immune to petrification.
You are immune to rotting.
Your flesh is very heat resistant. (rF++)
You are frail. (-10% HP)
You expend magic power (3 MP) to strengthen your wands.


Message History

No target in view!
No target in view!
No target in view!
No target in view!
No target in view!
No target in view!
There is an open door here.
You see here a stone.
Things that are here:
a stone; 6 poisoned tomahawks You butcher the goblin corpse.
z - 2 chunks of flesh {@w0}
Things that are here:
an uncursed dagger; an uncursed hunting sling; 14 stones
Things that are here:
an uncursed dagger; an uncursed hunting sling; 14 stones Eating one of 2 chunks of flesh {@w0}.
You eat one of the 2 chunks of flesh {@w0}.
An adder comes into view.
Health restored: 41 You hit the adder.
You burn the adder.
The adder bites you but does no damage. x2
You hit the adder. You burn the adder. The adder barely misses you.
You closely miss the adder. The adder bites you but does no damage.
You closely miss the adder. The adder barely misses you.
The adder bites you but does no damage.
You slash the adder! You burn the adder.
You kill the adder!
Okawaru accepts your kill.
No target in view!
No target in view!
No target in view!
No target in view!
No target in view!
No target in view!
No target in view!
You see here an adder corpse.
d - 8 scrolls labeled SULUTI ATOYRY (gained 1)
You hear a distant slurping noise.
You now have 218 gold pieces (gained 11).
You hear a distant slurping noise.
You found a teleport trap!
You open the door.
There is an open door here.
There is an open door here.
A shadow imp comes into view.
The shadow imp shouts!
A shadow imp is nearby!
A shadow imp is nearby!
The shadow imp hits you but does no damage.
You barely miss the shadow imp.
The shadow imp hits you but does no damage.
You hit the shadow imp. You burn the shadow imp.
The shadow imp hits you but does no damage.
All of the chunks of flesh in your inventory have rotted away.
You barely miss the shadow imp.
The shadow imp hits you but does no damage.
You hit the shadow imp. You burn the shadow imp.
You kill the shadow imp!
Okawaru accepts your kill.
No target in view!
No target in view!
No target in view!
No target in view!
No target in view!
No target in view!
No target in view!
No target in view!
You now have 229 gold pieces (gained 11).
An ice beast comes into view.
An ice beast is nearby!
An ice beast is nearby!
The ice beast hits you. The ice beast freezes you!
You take 10 damage, and have 31/41 hp.
MASSIVE DAMAGE!!
You closely miss the ice beast. The ice beast barely misses you.
You hit the ice beast.
You melt the ice beast.
The ice beast barely misses you.
You closely miss the ice beast. The ice beast barely misses you.
You barely miss the ice beast. The ice beast hits you.
The ice beast freezes you! The ice beast hits you. The ice beast freezes you.
* * * LOW HITPOINT WARNING * * *
You are too injured to fight recklessly!
You take 19 damage, and have 12/41 hp.
MASSIVE DAMAGE!!
You barely miss the ice beast.
The ice beast hits you but does no damage.
You closely miss the ice beast.
The ice beast hits you but does no damage.
You hit the ice beast but do no damage.
The ice beast hits you but does no damage.
You hit the ice beast but do no damage.
The ice beast hits you but does no damage.
You hit the ice beast.
You melt the ice beast.
The ice beast barely misses you.
You hit the ice beast but do no damage.
The ice beast hits you but does no damage.
You barely miss the ice beast.
The ice beast hits you but does no damage.
You closely miss the ice beast. The ice beast barely misses you.
Your chain mail prevents you from hitting the ice beast.
The ice beast hits you. The ice beast freezes you!
You die...

#....................#
...###.##########.####
##.# #.# #.# #.# #.#
#.# .# #+ #.# #.# ##.#
##..# ## #.@.# .+
+....Y....# ##
###....##.# #.#..# #
#.##.. #. ###. #. . .


You could see an ice beast.

Vanquished Creatures
  A sky beast (D:5)
  An ogre (D:5)
  A scorpion (D:4)
  2 howler monkeys (D:4)
  A crimson imp (D:5)
  2 orc wizards
  2 hounds (D:4)
  2 orc priests (D:4)
  A bullfrog skeleton (D:4)
  An iguana (D:4)
  A centaur skeleton (D:4)
  A hound zombie (D:5)
  A hound skeleton (D:4)
  4 adders
  2 shadow imps
  An ooze (D:4)
  A worm (D:3)
  A dart slug (D:1)
  2 leopard geckos
  12 orcs
  3 ball pythons
  2 giant cockroaches (D:1)
  11 goblins
  11 hobgoblins
  6 jackals
  7 kobolds
  7 bats
  5 frilled lizards
  A jackal zombie (D:5)
  6 rats
99 creatures vanquished.

Notes
Turn   | Place    | Note
-------+----------+-------------------------------------------
     0 | D:1      | Deeps the Gargoyle Monk began the quest for the Orb.
     0 | D:1      | Reached XP level 1. HP: 14/14 MP: 1/1
    83 | D:1      | HP: 1/14 [dart slug (3)]
    84 | D:1      | Reached XP level 2. HP: 2/19 MP: 2/2
   368 | D:1      | Found a shattered altar of Ashenzari.
   378 | D:1      | Reached skill level 1 in Armour
   510 | D:1      | Reached skill level 3 in Axes
   901 | D:2      | Reached XP level 3. HP: 23/24 MP: 3/3
  1020 | D:2      | Reached skill level 4 in Fighting
  1108 | D:2      | Found a hazy altar of Hepliaklqana.
  1195 | D:2      | Found an ancient bone altar of Kikubaaqudgha.
  1196 | D:2      | Found an ornate altar of the Wu Jian Council.
  1280 | D:2      | Reached skill level 2 in Armour
  1280 | D:2      | Reached XP level 4. HP: 23/29 MP: 4/4
  1584 | D:3      | Reached XP level 5. HP: 18/34 MP: 5/5
  1733 | D:3      | Found a hide-covered altar of Uskayaw.
  2173 | D:4      | Reached skill level 3 in Armour
  2216 | D:4      | Reached skill level 4 in Axes
  2270 | D:4      | Reached XP level 6. HP: 30/40 MP: 6/6
  2297 | D:4      | Reached skill level 5 in Fighting
  2501 | D:4      | Noticed an orc warrior
  2516 | D:4      | Gained mutation: You are frail. (-10% HP) [potion of mutation]
  2516 | D:4      | Gained mutation: Your flesh is heat resistant. (rF+) [potion of mutation]
  2516 | D:4      | Gained mutation: Your flesh is very heat resistant. (rF++) [potion of mutation]
  2516 | D:4      | Gained mutation: You expend magic power (3 MP) to strengthen your wands. [potion of mutation]
  2770 | D:4      | Reached skill level 4 in Armour
  2804 | D:4      | Reached XP level 7. HP: 24/39 MP: 7/7
  3386 | D:5      | Entered Level 5 of the Dungeon
  3446 | D:5      | Found a white marble altar of Elyvilon.
  3507 | D:5      | Reached skill level 5 in Axes
  3515 | D:5      | Found a staircase to the Ecumenical Temple.
  3521 | Temple   | Entered the Ecumenical Temple
  3585 | Temple   | Became a worshipper of Warmaster Okawaru
  3585 | Temple   | Reached * piety under Okawaru
  3585 | Temple   | Reached ** piety under Okawaru
  3634 | D:5      | Reached skill level 6 in Fighting
  3634 | D:5      | Reached skill level 5 in Armour
  3893 | D:5      | Slain by an ice beast

Vault maps used:
D:1:      lordsloth_arrival_two_stooges, evilmike_ruin_ashenzari
D:2:      nicolae_overflow_crystal_walls, gammafunk_temple_overflow_pools,
          grunt_ministairs_15, minmay_joined_circles
D:3:      eat_drink_and_be_merry_uskayaw, grunt_decor_arrowhead
D:5:      elyvilon_altar_5, grunt_dithmenos_smoke_and_mirrors,
          minmay_temple_entry_hall, first_ration
Temple:   dpeg_three_leaves_temple

Skill      XL: |  1  2  3  4  5  6  7 |
---------------+----------------------+-----
Armour         | 1 2 3 4 5 |  5.1
Axes           | 3 4 5 |  5.2
Fighting       | 4 5 6 |  6.2
Dodging        | |  2.4
Stealth        | |  2.1

Action                   |  1- 3 |  4- 6 |  7- 9 || total
-------------------------+-------+-------+-------++-------
Melee: Hand axe          |   121 |   162 |   136 ||   419
  Use: Potion            |       |     2 |       ||     2
 Stab: Sleeping          |     4 |       |       ||     4
  Eat: Chunk             |     1 |     5 |     4 ||    10
Armor: Robe              |     6 |       |       ||     6
       Scale mail        |    65 |    34 |       ||    99
       Chain mail        |       |    85 |    83 ||   168
Dodge: Dodged            |    68 |    85 |    38 ||   191

Table legend:
 A = Spawn XP
 B = Non-spawn XP
 C = Spawn XP percentage of total XP
 D = Spawn monster count
 E = Non-spawn monster count
 F = Spawn count percentage of total count
 G = Total turns spent on level
                    A         B        C        D         E        F      G
               +---------+---------+-------+---------+---------+-------+---------
         Total |       0 |    1115 |   0.0 |       0 |      99 |   0.0 |  3893
               +---------+---------+-------+---------+---------+-------+---------
           D:1 |       0 |      29 |   0.0 |       0 |      16 |   0.0 |   853
           D:2 |       0 |      69 |   0.0 |       0 |      28 |   0.0 |   640
           D:3 |       0 |      96 |   0.0 |       0 |      21 |   0.0 |   803
           D:4 |       0 |     576 |   0.0 |       0 |      26 |   0.0 |  1090
           D:5 |       0 |     345 |   0.0 |       0 |       8 |   0.0 |   430
               +---------+---------+-------+---------+---------+-------+---------

Vault maps used:
D:1:      lordsloth_arrival_two_stooges, evilmike_ruin_ashenzari
D:2:      nicolae_overflow_crystal_walls, gammafunk_temple_overflow_pools,
          grunt_ministairs_15, minmay_joined_circles
D:3:      eat_drink_and_be_merry_uskayaw, grunt_decor_arrowhead
D:5:      elyvilon_altar_5, grunt_dithmenos_smoke_and_mirrors,
          minmay_temple_entry_hall, first_ration
Temple:   dpeg_three_leaves_temple

Table legend:
 A = Turns spent in this place as a percentage of turns spent in the entire game.
 B = Non-inter-level travel turns spent in this place as a percentage of non-inter-level travel turns spent in the entire game.
 C = Inter-level travel turns spent in this place as a percentage of turns spent in this place.
 D = Turns resting spent in this place as a percentage of non-inter-level travel turns spent in this place.
 E = Turns spent auto-exploring this place as a percentage of non-inter-level travel turns spent in this place.
 F = Non-inter-level travel turns spent in this place divided by the number of levels of this place that you've seen.
                   A       B       C       D       E      F
               +-------+-------+-------+-------+-------+----------------------
         Total | 100.0 | 100.0 |   4.0 |  22.7 |  56.4 | 622.7
       Dungeon |  98.0 |  98.3 |   3.8 |  23.1 |  55.9 | 734.2
        Temple |   2.0 |   1.7 |  15.6 |   0.0 |  87.7 |  65.0
               +-------+-------+-------+-------+-------+----------------------

Table legend:
 A = Kills in this place as a percentage of kills in entire the game.
 B = Kills by you in this place as a percentage of kills by you in the entire game.
 C = Kills by friends in this place as a percentage of kills by friends in the entire game.
 D = Other kills in this place as a percentage of other kills in the entire game.
 E = Experience gained in this place as a percentage of experience gained in the entire game.
 F = Experience gained in this place divided by the number of levels of this place that you have seen.
                   A       B       C       D       E      F
               +-------+-------+-------+-------+-------+----------------------
         Total | 100.0 | 100.0 |   N/A |   N/A | 100.0 | 185.8
       Dungeon | 100.0 | 100.0 |   N/A |   N/A | 100.0 | 223.0
               +-------+-------+-------+-------+-------+----------------------
